 Dungeon Crawl Stone Soup version 0.29.1-1-gd02db6906a (webtiles) character file.

Game seed: 14643351033044827591

61 Earthwalker the Shield-Bearer (level 3, -5/33 HPs)
             Began as a Minotaur Fighter on Oct 14, 2022.
             Killed from afar by Natasha (17 damage)
             ... with a bolt of light
             ... on level 2 of the Dungeon.
             The game lasted 00:02:18 (1224 turns).

Earthwalker the Shield-Bearer (Minotaur Fighter)    Turns: 1224, Time: 00:02:19

Health: -5/33      AC:  7    Str: 22    XL:     3   Next: 83%
Magic:  2/2        EV:  9    Int:  5    God:
Gold:   72         SH:  0    Dex:  9    Spells: 2/2 levels left

rFire   . . .      SeeInvis .   a - +0 trident
rCold   . . .      Faith    .   c - +0 buckler
rNeg    . . .      Spirit   .   b - +0 scale mail
rPois   .          Reflect  .   (helmet restricted)
rElec   .          Harm     .   (no cloak)
rCorr   .          Rampage  .   (no gloves)
Will    .....                   (no boots)
Stlth   ..........              (no amulet)
HPRegen 0.11/turn               (no ring)
MPRegen 0.08/turn               (no ring)

@: confused
A: horns 2, retaliatory headbutt
a: no special abilities


You were on level 2 of the Dungeon.
You visited 1 branch of the dungeon, and saw 2 of its levels.

You collected 72 gold pieces.

Inventory:

Hand Weapons
 a - a +0 trident (weapon)
Armour
 b - a +0 scale mail (worn)
 c - a +0 buckler (worn)
Scrolls
 f - 6 scrolls of teleportation {unknown}
 g - 2 scrolls of identify {unknown}
Potions
 d - a potion of might
 e - 3 potions of heal wounds {unknown}
 h - a potion of mutation {unknown}


   Skills:
 * Level 4.1 Fighting
 * Level 3.1 Polearms
 * Level 4.1 Armour
 * Level 1.5 Dodging
 * Level 4.1 Shields


You had 2 spell levels left.
You didn't know any spells.
Your spell library was empty.

Dungeon Overview and Level Annotations

Branches:
Dungeon (2/15)

Altars:

Annotations:
D:2 Natasha


Innate Abilities, Weirdness & Mutations

You have a pair of horns on your head.
You reflexively headbutt those who attack you in melee.


Message History

Natasha mumbles some strange words.
You barely miss the crimson imp. You headbutt the crimson imp.
The crimson imp is heavily wounded.
The crimson imp blinks!
You miss the crimson imp. Your headbutt misses the crimson imp.
The crimson imp is moderately wounded.
The crimson imp hits you but does no damage.
Natasha claws you.
You barely miss the crimson imp.
The crimson imp is moderately wounded.
The crimson imp hits you but does no damage.
Natasha claws you but does no damage.
You closely miss the crimson imp.
The crimson imp is moderately wounded.
The crimson imp closely misses you. You furiously retaliate!
You headbutt the crimson imp.
Natasha mumbles some strange words.
You hit the crimson imp.
You headbutt the crimson imp, but do no damage.
The crimson imp is severely wounded.
The crimson imp blinks!
Natasha casts a spell at you. You resist with significant effort.
You puncture Natasha!
Natasha is heavily wounded.
Natasha claws you! The crimson imp closely misses you.
You are too injured to fight recklessly!
You are too injured to fight recklessly!
You are too injured to fight recklessly!
You closely miss Natasha. Your headbutt misses Natasha.
Natasha is heavily wounded.
Natasha barely misses you. You furiously retaliate!
You headbutt Natasha.
The crimson imp sputters.
You block the crimson imp's attack.
You hit Natasha.
Natasha is severely wounded.
Natasha zaps a wand.
The bolt of light hits you!
You are confused.
Ouch! That really hurt!
You die...

#.# #.# ###.# ...#
#####..# ...#..# #
##.#..######## ##
.#####.............
..
......5@#..########
.. ##....#h#..## ##
..>....S....# #.#
##.##.###...## #.#
# .. #....# #.# #.
#..#.# #.# #.
#..#.## #.# .
#..#..#####.#
#..##....##.#


You could see Natasha, a crimson imp (summoned) and an adder.

Vanquished Creatures
  Natasha (D:2)
  An adder (D:2)
  3 ball pythons (D:1)
  4 endoplasms (D:1)
  A giant cockroach (D:1)
  2 goblins (D:1)
  3 hobgoblins (D:1)
  2 quokkas (D:1)
  5 bats
  2 frilled lizards (D:1)
  2 kobolds (D:1)
  2 rats
28 creatures vanquished.

Notes
Turn   | Place    | Note
-------+----------+-------------------------------------------
     0 | D:1      | Earthwalker the Minotaur Fighter began the quest for the
                  | Orb.
     0 | D:1      | Reached XP level 1. HP: 19/19 MP: 0/0
    70 | D:1      | Reached XP level 2. HP: 16/27 MP: 1/1
   367 | D:1      | Reached skill level 1 in Dodging
   609 | D:1      | Found a faded altar of an unknown god.
   643 | D:2      | Noticed Natasha
   813 | D:2      | Noticed a crimson imp
   814 | D:2      | Killed Natasha
   815 | D:2      | Reached XP level 3. HP: 26/33 MP: 2/2
  1213 | D:2      | Noticed Natasha
  1224 | D:2      | Killed from afar by Natasha

Illustrated notes

Levels and vault maps discovered:
D:1:      mrwooster_arrival_statue, layout_basic,
          shapermc_ecumenical_altar_pompeii
D:2:      layout_basic, uniq_natasha

Skill      XL: |  1  2 |
---------------+-------+-----
Dodging        | 1 |  1.5
Fighting       | 4 |  4.1
Polearms       | 3 |  3.1
Armour         | 4 |  4.1
Shields        | 4 |  4.1

Action                   || total
-------------------------++-------
Melee: Trident           ||    88
       Headbutt          ||     9
Armor: Scale mail        ||    33
Dodge: Dodged            ||    31
Block: Buckler           ||    17
